 Dungeon Crawl Stone Soup version 0.19-a0-722-g27ac516 (webtiles) character file.

117 TheGoonsmith the Gusty (level 5, -4/28 HPs)
             Began as a Tengu Air Elementalist on June 21, 2016.
             Killed from afar by AlphabetPasta's ghost (6 damage)
             ... with a magic dart
             ... on level 3 of the Dungeon.
             The game lasted 00:03:43 (2559 turns).

TheGoonsmith the Gusty (Tengu Air Elementalist)     Turns: 2559, Time: 00:03:44

Health: -4/28      AC:  2    Str:  8    XL:     5   Next: 1%
Magic:  0/10       EV: 12    Int: 17    God:
Gold:   156        SH:  0    Dex: 14    Spells: 3 memorised, 3 levels left

rFire  . . .     SeeInvis .     j - +1 whip (distort)
rCold  . . .     Gourm    .     a - +0 robe
rNeg   . . .     Faith    .     (no shield)
rPois  .         Spirit   .     (helmet restricted)
rElec  .         Dismiss  .     (no cloak)
rCorr  .         Reflect  .     (no gloves)
SustAt .         Harm     .     (boots unavailable)
MR     .....                    (no amulet)
Stlth  ++........               (no ring)
                                (no ring)

@: very slightly contaminated, invisible, not resistant to hostile enchantments,
unstealthy
A: beak, talons 3, able to fly 1
a: Fly


You were on level 3 of the Dungeon.
You were not hungry.

You visited 1 branch of the dungeon, and saw 3 of its levels.

You collected 156 gold pieces.

Inventory:

Hand Weapons
 j - a +1 whip of distortion (weapon)
Armour
 a - a +0 robe (worn)
 g - a +0 buckler
 k - a cursed +0 shield
Jewellery
 i - an uncursed ring of stealth {unknown}
 u - a cursed -2 ring of evasion {unknown}
Wands
 v - a wand of lightning (7/15)
Scrolls
 h - a scroll of teleportation {unknown}
 l - 2 scrolls of enchant weapon {unknown}
 m - 4 scrolls of fear {unknown}
 n - 2 scrolls of blinking {unknown}
 q - a scroll of magic mapping {unknown}
 s - 2 scrolls of remove curse {unknown}
Potions
 d - a potion of magic {unknown}
 e - a potion of ambrosia {unknown}
 f - 2 potions of invisibility
 p - a potion of haste {unknown}
 r - a potion of heal wounds {unknown}
 w - a potion of curing {unknown}
Books
 b - a book of Air

   Spells                             Type                      Level
   a - Shock                          Conjuration/Air              1
   b - Swiftness                      Charms/Air                   2
   c - Repel Missiles                 Charms/Air                   2
   d - Static Discharge               Conjuration/Air              3
   e - Lightning Bolt                 Conjuration/Air              5
Comestibles
 c - 3 bread rations
 o - 2 meat rations
 t - 4 fruits


   Skills:
 - Level 2.1 Dodging
 - Level 2.0 Stealth
 + Level 2.9 Spellcasting
 * Level 4.3 Conjurations
 * Level 5.0 Air Magic


You had 3 spell levels left.
You knew the following spells:

 Your Spells              Type           Power        Failure   Level  Hunger
a - Shock                 Conj/Air       ###.         2%          1    #......
r - Repel Missiles        Chrm/Air       ##....       12%         2    ##.....
s - Static Discharge      Conj/Air       ###.....     10%         3    ###....


Dungeon Overview and Level Annotations

Branches:
Dungeon (3/15)

Altars:
Kikubaaqudgha

Annotations:
D:3 AlphabetPasta's ghost, novice FoCj


Innate Abilities, Weirdness & Mutations

You have a beak for a mouth.
You have claws for feet.
You can fly.


Message History

AlphabetPasta's ghost is lightly damaged.
Casting: Shock
Confirm with . or Enter, or press ? or * to list all spells.
Aiming: Shock
Press: ? - help, Shift-Dir - straight line, f/p - AlphabetPasta's ghost
Aim: AlphabetPasta's ghost, wielding a vorpal weapon (lightly damaged)
The zap hits AlphabetPasta's ghost.
AlphabetPasta's ghost is lightly damaged.
AlphabetPasta's ghost gestures at you while chanting.
The magic dart hits you!
AlphabetPasta's ghost points at you and mumbles some strange words.
The magic dart hits you!
* * * LOW HITPOINT WARNING * * *
It was a potion of invisibility.
You fade into invisibility!
You are very lightly contaminated with residual magic.
Okay, then.
AlphabetPasta's ghost casts a spell at you.
The magic dart hits you!
You die...

###.#######.####.#
...........†..†..##
##.###.###.###...#####
#.# #.##.........
#.###[###.###...#####
#.........# ##.##
#.###.##### #.#
#.###.## #.#
###....@.# +#
.........# †#######.#
. ##.#.# ...
####....###.....
.........W.'.W)..
.####....###.†...
##.#.# ... ###.# .


You could see AlphabetPasta's ghost.

Vanquished Creatures
  4 adders
  2 oozes
  2 worms (D:2)
  3 dart slugs
  A giant gecko (D:3)
  3 bats
  A bat zombie (D:3)
  6 giant cockroaches
  6 goblins
  7 hobgoblins
  6 jackals
  6 kobolds
  A quokka (D:2)
  A giant newt (D:1)
  5 rats
  3 rat zombies (D:3)
57 creatures vanquished.

Notes
Turn   | Place    | Note
--------------------------------------------------------------
     0 | D:1      | TheGoonsmith the Tengu Air Elementalist began the quest for the Orb.
     0 | D:1      | Reached XP level 1. HP: 10/10 MP: 4/4
   172 | D:1      | Reached XP level 2. HP: 15/15 MP: 0/6
   613 | D:1      | Reached XP level 3. HP: 19/19 MP: 2/7
   661 | D:1      | Learned a level 2 spell: Repel Missiles
   665 | D:1      | Learned a level 3 spell: Static Discharge
  1390 | D:2      | Reached XP level 4. HP: 24/24 MP: 2/8
  2253 | D:3      | Found an ancient bone altar of Kikubaaqudgha.
  2536 | D:3      | Reached skill level 5 in Air Magic
  2542 | D:3      | Gained mutation: You can fly. [Tengu growth]
  2542 | D:3      | Reached XP level 5. HP: 28/28 MP: 7/10
  2548 | D:3      | Noticed AlphabetPasta's ghost (novice FoCj)
  2559 | D:3      | Killed from afar by AlphabetPasta's ghost

Vault maps used:
D:1:      minmay_arrival_plants_in_alcoves, roderic_lattice_a
D:3:      lemuel_zombie_altar_kikubaaqudgha, uniq_robin

Skill      XL: |  1  2  3  4 |
---------------+-------------+-----
Conjurations   | 2 3 4 |  4.3
Air Magic      | 5 |  5.0
Dodging        | |  2.1
Stealth        | |  2.0
Spellcasting   | |  2.9

Action                   |  1- 3 |  4- 6 || total
-------------------------+-------+-------++-------
Melee: Whip              |    10 |     1 ||    11
       Kick              |     2 |       ||     2
 Cast: Shock             |    76 |    63 ||   139
       Repel Missiles    |     1 |       ||     1
  Use: Potion            |       |     1 ||     1
  Eat: Chunk             |     2 |     4 ||     6
Armor: Robe              |     6 |       ||     6
Dodge: Dodged            |    16 |     2 ||    18
       Deflected         |     1 |       ||     1
